 Dungeon Crawl Stone Soup version 0.21-a0-39-g28ea6b7 (webtiles) character file.

27 blackwizard the Caller (level 2, 0/24 HPs)
             Began as a Troll Summoner on June 1, 2017.
             Succumbed to an adder's poison
             ... on level 2 of the Dungeon.
             The game lasted 00:05:53 (1335 turns).

blackwizard the Caller (Troll Summoner)             Turns: 1335, Time: 00:05:54

Health: 0/24       AC:  5    Str: 15    XL:     2   Next: 93%
Magic:  9/12       EV: 10    Int: 11    God:
Gold:   104        SH:  0    Dex: 10    Spells: 3/4 levels left

rFire    . . .     SeeInvis .   p - -3 mace (curse)
rCold    . . .     Gourm    +   (no shield)
rNeg     . . .     Faith    .   a - +0 robe
rPois    .         Spirit   .   (helmet restricted)
rElec    .         Reflect  .   (no cloak)
rCorr    .         Harm     .   (gloves unavailable)
MR       .....                  (boots unavailable)
Stlth    +.........             (no amulet)
Regen    0.5/turn               i - ring of magical power
MPRegen  0.2/turn               (no ring)

@: lethally poisoned (0 -> -1)
A: unfitting armour, claws 3, fast metabolism 3, gourmand, regeneration 1,
shaggy fur 1, tough skin 2
a: no special abilities


You were on level 2 of the Dungeon.
You were not hungry.

You visited 1 branch of the dungeon, and saw 2 of its levels.

You collected 104 gold pieces.

Inventory:

Hand Weapons
 n - a +0 dagger
 p - a cursed -3 mace (weapon)
Missiles
 l - 16 arrows
 m - 49 stones (quivered)
Armour
 a - a +0 robe (worn)
Jewellery
 i - a ring of magical power (left claw)
Scrolls
 d - 2 scrolls of magic mapping {unknown}
 e - 2 scrolls of fear {unknown}
 g - 3 scrolls of identify {unknown}
 j - a scroll of teleportation {unknown}
 k - a scroll of noise {unknown}
 o - 2 scrolls of recharging {unknown}
 q - a scroll of remove curse {unknown}
 r - a scroll of immolation {unknown}
 s - a scroll of amnesia {unknown}
Books
 b - a book of Callings

   Spells                             Type                      Level
   a - Summon Small Mammal            Summoning                    1
   b - Call Imp                       Summoning                    2
   c - Call Canine Familiar           Summoning                    3
   d - Summon Guardian Golem          Hexes/Summoning              3
   e - Summon Lightning Spire         Summoning/Air                4
   f - Summon Ice Beast               Ice/Summoning                4
Comestibles
 c - 2 bread rations
 h - a royal jelly


   Skills:
 + Level 1.7 Dodging
 + Level 1.1 Stealth
 + Level 1.5 Spellcasting
 + Level 3.3 Summonings


You had 3 spell levels left.
You knew the following spells:

 Your Spells              Type           Power        Failure   Level  Hunger
a - Summon Small Mammal   Summ           #...         8%          1    ##.....


Dungeon Overview and Level Annotations

Branches:
Dungeon (2/15)

Altars:


Innate Abilities, Weirdness & Mutations

You are too large for most types of armour.
You have claws for hands.
Your metabolism is lightning-fast.
You like to eat raw meat.
Your natural rate of healing is unusually fast.
You are covered in fur. (AC +1)
You have very tough skin. (AC +2)


Message History

A goblin comes into view. It is wielding a club.
You feel sick. The adder barely misses your rat.
Your rat bites the adder.
There is an open door here.
You feel sick. Something closely misses your rat.
You see here a trident.
You feel sick. The giant cockroach bites you.
* * * LOW HITPOINT WARNING * * *
Your rat dies!
Your rat's corpse disappears in a puff of smoke!
Casting: Summon Small Mammal
Confirm with . or Enter, or press ? or * to list all spells.
You feel sick.
The giant cockroach bites you but does no damage.
Casting: Summon Small Mammal
Confirm with . or Enter, or press ? or * to list all spells.
Your bat misses the adder. The giant cockroach bites you.
* * * LOW HITPOINT WARNING * * *
The adder closely misses you.
A bat comes into view.
You die...

#. #.......# .
####.......##
..............b...g
....#.##.........#
....#'##.........#
.................#
#.......bSr.....#
#......@.s).....# ##
######.##...###ยง######
.####.......'...'S..#
.........##'#...#####
....#..##.........#
....'..##.........#
....#<.##.........#
....#####.........#
....'...'....>....#


You could see an adder, a giant cockroach, a bat, a friendly bat and a friendly
rat.

Vanquished Creatures
  A leopard gecko (D:2)
  A bat (D:1)
  2 hobgoblins
  2 jackals (D:2)
  3 kobolds
  A frilled lizard (D:1)
  2 rats
12 creatures vanquished.

Vanquished Creatures (collateral kills)
  An ooze (D:1)
  A dart slug (D:1)
  A ball python (D:2)
  A giant cockroach (D:1)
  2 goblins
  A jackal (D:2)
  A frilled lizard (D:2)
  2 kobolds (D:1)
  3 rats (D:1)
13 creatures vanquished.

Grand Total: 25 creatures vanquished

Notes
Turn   | Place    | Note
-------+----------+-------------------------------------------
     0 | D:1      | blackwizard the Troll Summoner began the quest for the Orb.
     0 | D:1      | Reached XP level 1. HP: 16/16 MP: 1/1
    30 | D:1      | Reached skill level 3 in Summonings
   364 | D:1      | Reached XP level 2. HP: 24/24 MP: 3/3
  1334 | D:2      | HP: 1/24 [giant cockroach (2)]
  1335 | D:2      | Succumbed to an adder's poison

Vault maps used:
D:1:      dpeg_arrival_boxorama
D:2:      minmay_door_path, first_bread, chequers_ecumenical_altar_simple_redux

Skill      XL: |  1 |
---------------+----+-----
Summonings     | 3 |  3.3
Dodging        | |  1.7
Stealth        | |  1.1
Spellcasting   | |  1.5

Action                   || total
-------------------------++-------
Melee: Unarmed           ||     7
       Mace              ||    43
       Dagger            ||    36
 Cast: Summon Small Mamm ||    38
  Eat: Chunk             ||     8
       Bread ration      ||     1
Armor: Robe              ||    54
Dodge: Dodged            ||    86
